 Dungeon Crawl Stone Soup version 0.17-a0-1210-g1e4f09d (webtiles) character file.

112 xsansara the Shooter (level 4, -1/22 HPs)
             Began as a Spriggan Wanderer on June 4, 2015.
             Killed from afar by Sigmund (10 damage)
             ... with a puff of flame
             ... on level 2 of the Dungeon.
             The game lasted 00:04:07 (1334 turns).

xsansara the Shooter (Spriggan Wanderer)            Turns: 1334, Time: 00:04:07

Health: -1/22      AC:  2    Str:  6    XL:     4   Next: 63%
Magic:  5/5        EV: 17    Int: 15    God:
Gold:   39         SH:  0    Dex: 16    Spells: 0 memorised, 3 levels left

rFire  . . .     SeeInvis +     a - +2 shortbow
rCold  . . .     Clarity  .     c - +0 robe
rNeg   . . .     SustAt   .     (shield restricted)
rPois  .         Gourm    .     (helmet restricted)
rElec  .         Spirit   .     (no cloak)
rCorr  .         Warding  .     (gloves unavailable)
rMut   .         Stasis   .     (boots unavailable)
MR     .....                    (no amulet)
Stlth  ++........               (no ring)
                                (no ring)

@: very quick, not resistant to hostile enchantments, unstealthy
A: unfitting armour, see invisible, herbivore 3, speed 3, slow metabolism 2
a: no special abilities


You were on level 2 of the Dungeon.
You were not hungry.

You visited 1 branch of the dungeon, and saw 2 of its levels.

You collected 39 gold pieces.

Inventory:

Hand weapons
 a - a +2 shortbow (weapon)
 g - a +0 dagger
Missiles
 b - 3 arrows (quivered)
Armour
 c - a +0 robe (worn)
Scrolls
 d - a scroll of teleportation
 h - a scroll of recharging {unknown}
 i - a scroll of enchant armour {unknown}
 j - a scroll of identify {unknown}
Potions
 f - 2 potions of curing {unknown}
 k - a potion of degeneration {unknown}
 l - a potion of poison {unknown}
Comestibles
 e - 2 bread rations


   Skills:
 - Level 1.5 Fighting
   Level 1.0 Long Blades
 + Level 6.6 Bows
 - Level 1.1 Throwing
 - Level 2.3 Dodging
 - Level 1.5 Stealth


You had 3 spell levels left.
You didn't know any spells.

Dungeon Overview and Level Annotations

Branches:
Dungeon (2/15)

Altars:
Nemelex Xobeh

Annotations:
D:2 Sigmund


Innate Abilities, Weirdness & Mutations

You are tiny and cannot use many weapons and most armour.
You have supernaturally acute eyesight.
You are a herbivore.
You cover ground extremely quickly.
You need consume almost no food.


Message History

Aim: Sigmund, wielding a scythe and wearing a robe (severely wounded)
You shoot an arrow.
The arrow hits Sigmund but does no damage.
Sigmund is severely wounded.
Sigmund misses you.
Firing (i - inventory):
b - 5 arrows (quivered)
Press: ? - help, Shift-Dir - straight line, f/p - Sigmund
Aim: Sigmund, wielding a scythe and wearing a robe (severely wounded)
You shoot an arrow. The arrow barely misses Sigmund.
Sigmund gestures at you while chanting. The puff of flame hits you!
Firing (i - inventory):
b - 4 arrows (quivered)
Press: ? - help, Shift-Dir - straight line, f/p - Sigmund
Aim: Sigmund, wielding a scythe and wearing a robe (severely wounded)
You shoot an arrow. The arrow closely misses Sigmund.
Sigmund casts a spell.
Sigmund is suddenly surrounded by pale red light.
Sigmund points at you and mumbles some strange words.
The puff of flame hits you!
You die...

#...# #.
#.>.# #.
#...## ##
#....# #####
####.# #....
####
##.###....
#..
#.........
#.#
#.....###....
#@## #####.#
#..). #@#.##
#.# ###.#
##.###.## #.#
###.# #(#
##.# ..#
#....
##.###.## ###
#.#.# #.#.##
#.#.# #.##
#.#.. #.#
#.##. #.#
#....


You could see Sigmund.

Vanquished Creatures
  Ijyb (D:2)
  Jessica (D:2)
  2 adders
  An ooze (D:1)
  A worm (D:2)
  A giant gecko (D:2)
  3 bats (D:1)
  5 goblins
  4 hobgoblins
  A quokka (D:2)
  6 giant newts
  7 kobolds
  3 rats
36 creatures vanquished.

Notes
Turn   | Place    | Note
--------------------------------------------------------------
     0 | D:1      | xsansara the Spriggan Wanderer began the quest for the Orb.
     0 | D:1      | xsansara set off with: a +2 shortbow, 28 arrows, a +0 robe, a scroll of teleportation, a bread ration
     0 | D:1      | Reached XP level 1. HP: 10/10 MP: 2/2
    73 | D:1      | Reached skill level 4 in Bows
   122 | D:1      | Reached XP level 2. HP: 14/14 MP: 3/3
   740 | D:1      | Reached skill level 5 in Bows
   740 | D:1      | Reached XP level 3. HP: 12/18 MP: 4/4
   886 | D:2      | Found a sparkling altar of Nemelex Xobeh.
   905 | D:2      | Noticed Jessica
   918 | D:2      | Killed Jessica
  1052 | D:2      | Reached XP level 4. HP: 22/22 MP: 5/5
  1078 | D:2      | Reached skill level 6 in Bows
  1109 | D:2      | Noticed Ijyb
  1151 | D:2      | Killed Ijyb
  1318 | D:2      | Noticed Sigmund
  1334 | D:2      | Killed from afar by Sigmund

Vault maps used:
D:1:      eino_arrival_cavern_e
D:2:      lemuel_crystal_altar, grunt_temple_overflow_open, uniq_sigmund,
          uniq_iyjb, uniq_jessica

Action                   |  1- 3 |  4- 6 || total
-------------------------+-------+-------++-------
Melee: Dagger            |       |     4 ||     4
 Fire: Shortbow          |    57 |    41 ||    98
 Stab: Sleeping          |       |     1 ||     1
